 Dungeon Crawl Stone Soup version 0.28-a0-1212-gc6b4282bc0 (webtiles) character file.

Game seed: 4763519623559242309

65 Lekart the Skirmisher (level 3, -13/33 HPs)
             Began as a Draconian Chaos Knight on Dec 21, 2021.
             Was a Plaything of Xom.
             Mangled by an iron imp (14 damage)
             ... summoned by Natasha
             ... on level 2 of the Dungeon.
             The game lasted 00:01:44 (850 turns).

Lekart the Skirmisher (Draconian Chaos Knight)       Turns: 850, Time: 00:01:45

Health: -13/33     AC:  5    Str: 14    XL:     3   Next: 94%
Magic:  3/3        EV: 12    Int: 12    God:    Xom [..*...]
Gold:   5          SH:  0    Dex: 12    Spells: 2/2 levels left

rFire   . . .      SeeInvis .   a - +0 hand axe (chaos)
rCold   . . .      Faith    .   (no shield)
rNeg    . . .      Spirit   .   (armour unavailable)
rPois   .          Reflect  .   (helmet restricted)
rElec   .          Harm     .   (no cloak)
rCorr   .          Rampage  .   (no gloves)
Will    .....                   (no boots)
Stlth   +.........              (no amulet)
HPRegen 0.11/turn               (no ring)
MPRegen 0.08/turn               (no ring)

@: no status effects
A: AC +5, unfitting armour, cold-blooded
a: Renounce Religion


You were on level 2 of the Dungeon.
You worshipped Xom.
You were a toy of Xom.
You visited 1 branch of the dungeon, and saw 2 of its levels.

You collected 5 gold pieces.

Inventory:

Hand Weapons
 a - a +0 hand axe of chaos (weapon)
Scrolls
 c - a scroll of silence {unknown}
 d - 2 scrolls of enchant weapon {unknown}
 f - a scroll of fear {unknown}
 g - a scroll of identify {unknown}


   Skills:
 + Level 4.0 Fighting
 + Level 4.0 Axes
 + Level 2.6 Dodging


You had 2 spell levels left.
You didn't know any spells.
Your spell library contained the following spells:

 Spells                   Type           Power      Damage    Failure   Level
 Magic Dart               Conj           0%         1d3       32%         1
 Call Imp                 Summ           0%         N/A       45%         2
 Mephitic Cloud           Conj/Pois/Air  0%         N/A       69%         3


Dungeon Overview and Level Annotations

Branches:
Dungeon (2/15)

Altars:

Annotations:
D:2 Natasha


Innate Abilities, Weirdness & Mutations

Your plain brown scales are hard. (AC +5)
You cannot fit into any form of body armour.
You are cold-blooded and may be slowed by cold attacks.


Message History

You see here a poisoned dart.
You barely miss Natasha. Natasha claws you.
You barely miss Natasha. Natasha claws you!
A shower of butterflies erupts from you!
Natasha barely misses you.
You hit Natasha.
Natasha is lightly wounded.
Natasha misses you. Natasha completely misses you.
You hit Natasha.
Natasha is poisoned.
Natasha is lightly wounded.
Xom grants you a minor favour.
You feel better.
Natasha casts a spell.
You barely miss Natasha.
Natasha is moderately wounded.
You hit the iron imp but do no damage.
The iron imp goes berserk!
Natasha misses you. The iron imp barely misses you. Natasha claws you.
The iron imp closely misses you.
You barely miss Natasha.
Natasha is moderately wounded.
You hit the iron imp but do no damage. Natasha closely misses you.
The iron imp hits you!
* * * LOW HITPOINT WARNING * * *
Natasha claws you.
* * * LOW HITPOINT WARNING * * *
The iron imp hits you.
* * * LOW HITPOINT WARNING * * *
You are too injured to fight recklessly!
You are too injured to fight recklessly!
You aren't carrying any potions.
Unknown command.
You aren't carrying any potions.
As you read the scroll labelled BISOOF GIRGHAQI, it crumbles to dust.
You hear a loud clanging noise!
It was a scroll of noise.
The iron imp barely misses you. Natasha barely misses you.
You feel yourself speed up. The iron imp hits you!
You die...
Xom snickers!

.# ..###..... ##
#..#..<... .#
##..$...... ## #.
..b.(..... # #.
#......... #.
#..b......
#.###.bh(.....
##..$..((......
#...#.@5...###.
#....(###### ###
#####....## #..
.........# #.#
####....# #.#
#..#.##### #.#
####.........
##.#####....#..#####
............#..#


You could see an iron imp (summoned, berserk) and Natasha (poisoned, ally
target).

Vanquished Creatures
  Natasha (D:2)
  An adder (D:2)
  A worm (D:2)
  A dart slug (D:1)
  3 ball pythons
  2 bats (D:1)
  2 endoplasms
  A giant cockroach (D:1)
  5 goblins (D:1)
  2 hobgoblins (D:1)
  4 kobolds
  3 rats
26 creatures vanquished.

Vanquished Creatures (others)
  A plant (D:1)
1 creature vanquished.

Grand Total: 27 creatures vanquished

Notes
Turn   | Place    | Note
-------+----------+-------------------------------------------
     0 | D:1      | Lekart the Draconian Chaos Knight began the quest for the
                  | Orb.
     0 | D:1      | Reached XP level 1. HP: 19/19 MP: 1/1
     1 | D:1      | XOM: divination: detect items
   116 | D:1      | Found a faded altar of an unknown god.
   147 | D:1      | Reached XP level 2. HP: 25/26 MP: 2/2
   545 | D:2      | Noticed Natasha
   558 | D:2      | Killed Natasha
   559 | D:2      | Reached XP level 3. HP: 33/33 MP: 3/3
   813 | D:2      | XOM: silly message
   838 | D:2      | Noticed Natasha
   841 | D:2      | XOM: divination: detect items
   844 | D:2      | XOM: butterfly on damage
   846 | D:2      | XOM: potion effect (curing)
   848 | D:2      | HP: 1/33 [iron imp[Natasha] (3)]
   850 | D:2      | Mangled by an iron imp

Illustrated notes

Levels and vault maps discovered:
D:1:      dpeg_arrival_pits, layout_rooms, dreamdust_ecumenical_altar_grove
D:2:      layout_loops_ring, basic_altar, st_stairs_12, lemuel_old_faithful,
          uniq_natasha

Skill      XL: |  1  2  3 |
---------------+----------+-----
Fighting       | 4 |  4.0
Axes           | 4 |  4.0
Dodging        | |  2.6

Action                   || total
-------------------------++-------
Melee: Hand axe          ||    62
       Tailslap          ||     8
Throw: Dart              ||    10
  Use: Potion            ||     2
       Scroll            ||     1
 Stab: Confused          ||     2
Armor: Skin              ||    17
Dodge: Dodged            ||    66

Table legend: (Time is in decaauts)
 A = Elapsed time spent in this place.
 B = Non-inter-level travel time spent in this place.
 C = Inter-level travel time spent in this place.
 D = Time resting spent in this place.
 E = Time spent auto-exploring this place.
 F = Levels seen in this place.
 G = Mean time per level.
                   A        B        C        D        E       F      G
               +--------+--------+--------+--------+--------+-----+--------+
         Total |    885 |    874 |     11 |    187 |    502 |   2 |  442.5 |
       Dungeon |    885 |    874 |     11 |    187 |    502 |   2 |  442.5 |
               +--------+--------+--------+--------+--------+-----+--------+

Top non-repeatable levels by time:
     D:1: 552 daAuts
     D:2: 333 daAuts
